[Event "Titled Tuesday Blitz May 16 Late 2023"]
[White "Kramnik, Vladimir"]
[Black "Matinian, Nikita"]
[WhiteFideId "4101588"]
[BlackFideId "24129100"]
[WhiteElo "2703"]
[BlackElo "2422"]
[Result "1-0"]
[Round "08"]
[TimeControl "180+2"]
[Date "2023.05.16"]
[WhiteClock "0:00:22"]
[BlackClock "0:00:00"]

1. e4 d6 2. d4 g6 3. Nf3 Bg7 4. Be2 Nf6 5. Nc3 O-O 6. O-O Bg4 7. Be3 Nc6 8. d5 Bxf3 9. Bxf3 Ne5 10. Be2 Re8 11. f4 Ned7 12. Qd2 e6 13. dxe6 Rxe6 14. Bf3 Nb6 15. b3 c6 16. Rae1 Qe7 17. Bd4 Qe8 18. g4 Nfd7 19. Bxg7 Kxg7 20. g5 Rd8 21. h4 Kg8 22. Ne2 Nc5 23. Ng3 d5 24. e5 Re7 25. Qf2 d4 26. b4 Ne6 27. f5 Nf4 28. Bg4 Rxe5 29. Rxe5 Qxe5 30. Qxf4 Qe7 31. fxg6 hxg6 32. Ne4 Nd5 33. Nf6+ Nxf6 34. gxf6 Qxb4 35. h5 Qc5 36. hxg6 d3+ 37. Kh1 dxc2 38. Qh6 Qd5+ 39. Bf3 Qxf3+ 40. Rxf3 Rd1+ 41. Kg2 1-0


[Site "https://www.chess.com"]

[Event "Titled Tuesday Blitz May 16 Late 2023"]
[White "Naroditsky, Daniel"]
[Black "Kuznetsov, Felix"]
[WhiteFideId "2026961"]
[BlackFideId "34147990"]
[WhiteElo "2633"]
[BlackElo "2281"]
[Result "1-0"]
[Round "08"]
[TimeControl "180+2"]
[Date "2023.05.16"]
[WhiteClock "0:00:35"]
[BlackClock "0:00:00"]

1. e4 c5 2. Nf3 Nc6 3. Bb5 d6 4. O-O Bd7 5. Re1 Nf6 6. c3 a6 7. Bf1 Bg4 8. h3 Bxf3 9. Qxf3 g6 10. Qd1 Bg7 11. d4 cxd4 12. cxd4 O-O 13. Nc3 Nd7 14. Be3 b5 15. Rc1 Rc8 16. a4 b4 17. Ne2 a5 18. d5 Nce5 19. Nd4 Rxc1 20. Qxc1 Nc5 21. Qc2 Qa8 22. f4 Ned7 23. Nc6 Re8 24. Bc4 b3 25. Bxb3 Qb7 26. Bc4 Qxb2 27. Qxb2 Bxb2 28. Bd2 Nxa4 29. Bxa5 Nac5 30. e5 Kf8 31. Rb1 Ba3 32. Bc7 dxe5 33. fxe5 Rc8 34. d6 exd6 35. Bxd6+ Kg7 36. Na7 Ra8 37. Nb5 Ra4 38. Nxa3 Rxa3 39. Rf1 f5 40. exf6+ Kh6 41. f7 Rc3 42. Bb5 1-0


[Site "https://www.chess.com"]

[Event "Titled Tuesday Blitz May 16 Late 2023"]
[White "Martinez Alcantara, Jose Eduardo"]
[Black "Smirnov, Pavel"]
[WhiteFideId "3805662"]
[BlackFideId "4123425"]
[WhiteElo "2711"]
[BlackElo "2520"]
[Result "1-0"]
[Round "08"]
[TimeControl "180+2"]
[Date "2023.05.16"]
[WhiteClock "0:00:02"]
[BlackClock "0:00:00"]

1. e4 e5 2. Nf3 Nc6 3. Bb5 a6 4. Ba4 Nf6 5. d3 b5 6. Bb3 Be7 7. O-O O-O 8. Nbd2 d6 9. c3 Na5 10. Bc2 c5 11. Re1 Nc6 12. Nf1 h6 13. Ng3 Be6 14. Bb3 Re8 15. Bxe6 fxe6 16. h3 Rf8 17. a4 b4 18. Be3 a5 19. d4 exd4 20. cxd4 c4 21. d5 exd5 22. exd5 Ne5 23. Nd4 Qd7 24. Ne6 Rf7 25. Qd4 Re8 26. Rf1 Bf8 27. f4 Nd3 28. f5 Qb7 29. Ne4 Nxd5 30. Qxc4 Nxe3 31. Qxd3 Nxf1 32. Rxf1 d5 33. Ng3 Bd6 34. Nh5 Be5 35. b3 Qc6 36. Kh1 Rxe6 37. fxe6 Rxf1+ 38. Qxf1 Qxe6 39. Qd3 Qf7 40. Ng3 d4 41. Ne4 Qf4 42. g3 Qf5 43. Kg2 h5 44. Qe2 h4 45. gxh4 Qf4 46. Qc4+ Kh8 47. Qc8+ Kh7 48. Ng5+ Kg6 49. Qe8+ Kh6 50. Qxe5 Qd2+ 51. Kg3 Qc3+ 52. Kg4 d3 53. Qe6+ g6 54. Qd7 1-0


[Site "https://www.chess.com"]

[Event "Titled Tuesday Blitz May 16 Late 2023"]
[White "Djokic, Mihailo"]
[Black "Lazavik, Denis"]
[WhiteFideId "976440"]
[BlackFideId "13515110"]
[WhiteElo "2294"]
[BlackElo "2560"]
[Result "0-1"]
[Round "08"]
[TimeControl "180+2"]
[Date "2023.05.16"]
[WhiteClock "0:00:00"]
[BlackClock "0:00:25"]

1. e4 c5 2. Nf3 e6 3. d4 cxd4 4. Nxd4 Nc6 5. Nc3 Qc7 6. Be2 Nf6 7. O-O a6 8. Be3 Be7 9. f4 d6 10. Kh1 O-O 11. Qe1 Nxd4 12. Bxd4 b5 13. a3 Bb7 14. Qg3 Rad8 15. Rae1 Rd7 16. Bd3 Bc6 17. Qh3 e5 18. Be3 Rdd8 19. f5 Qb7 20. Bg5 a5 21. b4 axb4 22. axb4 Ra8 23. Nb1 Ra4 24. c3 Ra2 25. Nd2 Rd8 26. Nb3 Qb6 27. Be3 Qb8 28. Bg5 d5 29. Na5 Ba8 30. exd5 Rxd5 31. Re2 Rxe2 32. Bxe2 h6 33. Bxf6 Bxf6 34. Qe3 Rd8 35. h3 Bg5 36. Qg3 Rd2 37. Bf3 Bf4 38. Qe1 Bxf3 39. Rxf3 Qd6 40. Rf1 Qd5 41. Rg1 e4 42. Qh4 Bg5 43. Qg3 Rd3 44. Qg4 e3 45. c4 bxc4 46. Nxc4 Rd4 47. Nb6 Qd8 48. Qg3 Qxb6 49. Rd1 Rxd1+ 0-1


[Site "https://www.chess.com"]

[Event "Titled Tuesday Blitz May 16 Late 2023"]
[White "Paravyan, David"]
[Black "Timmermans, Mark"]
[WhiteFideId "4194985"]
[BlackFideId "1026399"]
[WhiteElo "2563"]
[BlackElo "2460"]
[Result "1-0"]
[Round "08"]
[TimeControl "180+2"]
[Date "2023.05.16"]
[WhiteClock "0:01:36"]
[BlackClock "0:00:24"]

1. d4 Nf6 2. c4 c5 3. d5 b5 4. cxb5 a6 5. e3 Bb7 6. Nc3 e6 7. dxe6 fxe6 8. Nf3 Be7 9. a4 O-O 10. Be2 d5 11. O-O axb5 12. Bxb5 Na6 13. Ng5 Nc7 14. Bd3 h6 15. Nh3 e5 16. f3 Qd7 17. e4 c4 18. Be2 d4 19. Bxc4+ Kh8 20. Nb5 Ne6 21. Nf2 Nc5 22. b3 Ba6 23. Ba3 Rfc8 24. Kh1 Nxa4 25. Bxe7 Nb2 26. Qd2 Nxc4 27. bxc4 Qxe7 28. Rfc1 Bxb5 29. Rxa8 Rxa8 30. cxb5 Rb8 31. Rb1 Qa3 32. Nd3 Nd7 33. h3 Qa4 34. Qc1 Rxb5 35. Ra1 Qb3 36. Qc8+ Kh7 37. Qxd7 Qxd3 38. Qf5+ 1-0


[Site "https://www.chess.com"]

[Event "Titled Tuesday Blitz May 16 Late 2023"]
[White "Weetik, Vjacheslav"]
[Black "Pap, Gyula"]
[WhiteFideId "4153472"]
[BlackFideId "725323"]
[WhiteElo "2469"]
[BlackElo "2519"]
[Result "0-1"]
[Round "08"]
[TimeControl "180+2"]
[Date "2023.05.16"]
[WhiteClock "0:00:00"]
[BlackClock "0:00:06"]

1. d4 Nf6 2. c4 e6 3. g3 d5 4. Nf3 Be7 5. Bg2 O-O 6. O-O Nbd7 7. Nc3 dxc4 8. a4 a5 9. e4 c6 10. Qe2 b6 11. Rd1 Ba6 12. Bf4 Re8 13. Ne5 Nxe5 14. Bxe5 Nd7 15. Bf4 Nf6 16. Qc2 Qc8 17. d5 Bc5 18. Bh3 Qb7 19. d6 e5 20. Bg5 Nd7 21. Qe2 Bd4 22. Qg4 Nf8 23. d7 Red8 24. Bxd8 Rxd8 25. Rab1 Nxd7 26. Ne2 Nf6 27. Qh4 c5 28. Nc3 Qe7 29. Bg2 h6 30. Bf3 Bc8 31. Nb5 Kh7 32. g4 Bd7 33. Qg3 Bxb5 34. axb5 Qd7 35. h4 g5 36. Kg2 Kg7 37. Rh1 Kf8 38. hxg5 hxg5 39. Rh6 Ke7 40. Rbh1 Bxb2 41. Rxf6 Kxf6 42. Rh6+ Ke7 43. Rh7 Qe6 44. Qh3 Qf6 45. Rh6 Qf4 46. Rxb6 c3 47. Qh6 c2 48. Rb7+ Rd7 49. Rxd7+ Kxd7 50. Qc6+ Ke7 51. Qxc5+ Kf6 52. Qxc2 Bd4 53. b6 Kg7 54. b7 Ba7 55. Qc8 Qd2 56. b8=Q Qxf2+ 57. Kh3 Qxf3+ 58. Kh2 Qf2+ 59. Kh3 Qh4+ 60. Kg2 Bxb8 61. Qxb8 Qxg4+ 62. Kf2 Qf4+ 63. Kg1 Qxe4 64. Qb1 Qxb1+ 0-1


[Site "https://www.chess.com"]

[Event "Titled Tuesday Blitz May 16 Late 2023"]
[White "Rastbod, Ali"]
[Black "Baskakov, Egor"]
[WhiteFideId "12567477"]
[BlackFideId "24197866"]
[WhiteElo "2274"]
[BlackElo "2225"]
[Result "1/2-1/2"]
[Round "08"]
[TimeControl "180+2"]
[Date "2023.05.16"]
[WhiteClock "0:00:04"]
[BlackClock "0:00:05"]

1. Nf3 Nf6 2. g3 e6 3. Bg2 d5 4. O-O Be7 5. c4 O-O 6. b3 b6 7. Bb2 Bb7 8. e3 c5 9. Qe2 Nbd7 10. Nc3 Qc7 11. Rac1 Rac8 12. Ne1 dxc4 13. bxc4 Rfd8 14. f4 a6 15. a4 Bxg2 16. Nxg2 Qb7 17. g4 Ne8 18. g5 Nd6 19. d3 b5 20. axb5 axb5 21. Nxb5 Nxb5 22. cxb5 Qxb5 23. Ba1 Nb6 24. Rfd1 c4 25. dxc4 Rxd1+ 26. Rxd1 Nxc4 27. Bd4 Qb7 28. Rc1 Nd6 29. Rxc8+ Qxc8 30. Nh4 h6 31. Nf3 hxg5 32. fxg5 Ne4 33. g6 f5 34. Qa2 Bf6 35. Bxf6 Nxf6 36. Qa7 Nd7 37. Ng5 Qe8 38. Nf7 Nf8 39. Ne5 Nxg6 40. Nf3 Ne7 41. Kf2 Ng6 42. h4 e5 43. h5 Nh8 44. Ng5 Nf7 45. Qa2 Qe7 46. Nxf7 Qxf7 47. Qa8+ Kh7 48. Qh1 Qf6 49. Qh3 Qg5 50. Kf3 Kh6 51. Kf2 Qxh5 52. Qg3 f4 53. exf4 e4 54. Ke3 g6 55. Kxe4 Qf5+ 56. Ke3 g5 57. Qxg5+ Qxg5 58. fxg5+ Kxg5 1/2-1/2


[Site "https://www.chess.com"]

[Event "Titled Tuesday Blitz May 16 Late 2023"]
[White "Pakleza, Zbigniew"]
[Black "benny_aizenberg"]
[WhiteFideId "1119290"]
[WhiteElo "2410"]
[BlackElo "2679"]
[Result "0-1"]
[Round "08"]
[TimeControl "180+2"]
[Date "2023.05.16"]
[WhiteClock "0:00:00"]
[BlackClock "0:00:36"]

1. d4 f5 2. Nf3 Nf6 3. c4 g6 4. Nc3 Bg7 5. e3 O-O 6. Be2 d6 7. b4 Nbd7 8. O-O e5 9. a4 e4 10. Nd2 Qe7 11. Ba3 f4 12. exf4 e3 13. Nb3 Ne4 14. Nd5 exf2+ 15. Rxf2 Qf7 16. Rf3 c6 17. Nc3 Nxc3 18. Rxc3 Qxf4 19. Rf3 Qg5 20. Bc1 Qe7 21. Bf4 Nf6 22. Re3 Qd8 23. Rc1 Nh5 24. Bxh5 Rxf4 25. Bf3 Bd7 26. Rc2 Qg5 27. Rce2 Raf8 28. Kh1 Bg4 29. d5 Rxf3 30. gxf3 Bxf3+ 31. Rxf3 Rxf3 32. dxc6 bxc6 33. Nd2 Rf8 34. Ne4 Qg4 35. Re1 Qh4 36. Qe2 Be5 0-1


[Site "https://www.chess.com"]

[Event "Titled Tuesday Blitz May 16 Late 2023"]
[White "Domingo Nunez, Ruben"]
[Black "Rodshtein, Maxim"]
[WhiteFideId "22245570"]
[BlackFideId "2806851"]
[WhiteElo "2404"]
[BlackElo "2555"]
[Result "0-1"]
[Round "08"]
[TimeControl "180+2"]
[Date "2023.05.16"]
[WhiteClock "0:00:00"]
[BlackClock "0:00:42"]

1. c4 g6 2. Nf3 Bg7 3. g3 f5 4. Bg2 e5 5. Nc3 d6 6. d3 Nf6 7. Rb1 O-O 8. b4 Kh8 9. Bd2 h6 10. a4 g5 11. O-O Nc6 12. b5 Ne7 13. c5 Ng6 14. cxd6 cxd6 15. Bc1 d5 16. d4 e4 17. Ne5 Nxe5 18. dxe5 Ng4 19. Ba3 Re8 20. Nxd5 Be6 21. Ne7 Nxe5 22. Qd6 Qxd6 23. Bxd6 Nc4 24. Bb4 Bf6 25. Nxf5 Bxf5 26. Rbc1 Rac8 27. Rfd1 Nb2 28. Re1 Nxa4 29. Rb1 b6 30. Rbd1 Red8 31. Rb1 Kg7 32. e3 Rc2 33. g4 Bg6 34. h3 Nc3 35. Rbc1 Rxc1 0-1


[Site "https://www.chess.com"]

[Event "Titled Tuesday Blitz May 16 Late 2023"]
[White "Krzyzanowski, Marcin"]
[Black "cryptoguru02"]
[WhiteFideId "1132199"]
[WhiteElo "2471"]
[BlackElo "2628"]
[Result "1-0"]
[Round "08"]
[TimeControl "180+2"]
[Date "2023.05.16"]
[WhiteClock "0:00:30"]
[BlackClock "0:00:24"]

1. e4 e5 2. Nf3 Nc6 3. Nc3 Nf6 4. h3 Bb4 5. Nd5 Bc5 6. Bc4 O-O 7. d3 h6 8. a4 d6 9. O-O a5 10. Be3 Nxd5 11. Bxc5 dxc5 12. exd5 Ne7 13. Nxe5 Nxd5 14. Qf3 Be6 15. Rfe1 c6 16. Re2 Re8 17. Rae1 Qf6 18. Qxf6 Nxf6 19. Bxe6 Rxe6 20. Nc4 Rxe2 21. Rxe2 b5 22. Ne5 Rc8 23. Re1 bxa4 24. Ra1 Rb8 25. Nc4 Nd5 26. Rxa4 Nb4 27. Ne3 Rb5 28. b3 Kf8 29. Kf1 Ke7 30. Ke1 Ke6 31. Kd2 f5 32. Nc4 g5 33. Nxa5 f4 34. Nc4 Nd5 35. Ra8 Kf5 36. Nd6+ 1-0


[Site "https://www.chess.com"]

[Event "Titled Tuesday Blitz May 16 Late 2023"]
[White "Quispe Arteaga, Gabriel"]
[Black "Denishev, Marat"]
[WhiteFideId "32059809"]
[BlackFideId "24131563"]
[WhiteElo "2274"]
[BlackElo "2311"]
[Result "0-1"]
[Round "08"]
[TimeControl "180+2"]
[Date "2023.05.16"]
[WhiteClock "0:00:00"]
[BlackClock "0:00:13"]

1. c4 Nf6 2. Nc3 c5 3. Nf3 e6 4. d4 cxd4 5. Nxd4 a6 6. g3 Nc6 7. Bg2 Bb4 8. O-O O-O 9. Nxc6 bxc6 10. Qc2 d5 11. Rd1 Qe7 12. a3 Bd6 13. e4 dxc4 14. Na4 e5 15. Nb6 Be6 16. Nxa8 Rxa8 17. h3 Bc5 18. Qe2 Bd4 19. Be3 c5 20. Rac1 Rb8 21. Rc2 Qd7 22. Kh2 Qa4 23. Rdc1 h6 24. f4 Rb3 25. Bf2 Bg4 26. hxg4 Bxf2 27. Bf3 Bd4 28. Kg2 Qd7 29. f5 Re3 30. Qxc4 Nxe4 31. Bxe4 Rxe4 32. Re2 Rxg4 33. Qd3 h5 34. Kh2 h4 35. Rg2 Bg1+ 36. Kxg1 Qxd3 0-1


[Site "https://www.chess.com"]

[Event "Titled Tuesday Blitz May 16 Late 2023"]
[White "Guz, Ari"]
[Black "Bordi, Kevin"]
[WhiteFideId "2825759"]
[BlackFideId "621862"]
[WhiteElo "2205"]
[BlackElo "2803"]
[Result "1/2-1/2"]
[Round "08"]
[TimeControl "180+2"]
[Date "2023.05.16"]
[WhiteClock "0:00:04"]
[BlackClock "0:00:03"]

1. b3 e5 2. Bb2 Nc6 3. e3 g6 4. Nf3 Bg7 5. d4 Nge7 6. dxe5 d6 7. c4 O-O 8. Nc3 dxe5 9. Be2 Bg4 10. O-O e4 11. Ng5 Bxe2 12. Qxe2 Qd3 13. Rfe1 Nb4 14. Ngxe4 f5 15. Nc5 Qc2 16. Rac1 Qxe2 17. Rxe2 b6 18. a3 bxc5 19. axb4 cxb4 20. Nb5 Bxb2 21. Rxb2 c6 22. Nd4 Rfd8 23. h3 Kf7 24. Ra1 f4 25. Rba2 fxe3 26. fxe3 c5 27. Rf1+ Kg8 28. Ne6 Rdc8 29. Ra5 Nf5 30. e4 Nd4 31. Nxd4 cxd4 32. Rd1 Rd8 33. Rd5 Rf8 34. R1xd4 Rae8 35. Rb5 Rf4 36. Rxb4 Re7 37. Rb8+ Kg7 38. c5 Kf6 39. b4 Ke5 40. Rbd8 Rxe4 41. R8d5+ Kf4 42. Rxe4+ Kxe4 43. Rd6 Rb7 44. c6 Rb5 45. Rd7 Rxb4 46. Rxh7 Rc4 47. Rxa7 Rxc6 48. Rf7 Ke5 49. Kh2 Ke6 50. Rf3 Rc4 51. g4 Ke7 52. Kg3 Ke6 53. Kh4 Rc5 54. Ra3 Kf6 55. Ra6+ Kg7 56. Ra7+ Kf6 57. g5+ Ke6 58. Ra6+ Kf7 59. Ra7+ Ke6 60. Ra4 Kf5 61. Rg4 Rc3 62. Rg2 Rf3 63. Rg4 Rf4 64. Rxf4+ Kxf4 1/2-1/2


[Site "https://www.chess.com"]

[Event "Titled Tuesday Blitz May 16 Late 2023"]
[White "Taboas Rodriguez, Daniel"]
[Black "Remizov, Yaroslav"]
[WhiteFideId "2208466"]
[BlackFideId "34134015"]
[WhiteElo "2365"]
[BlackElo "2400"]
[Result "0-1"]
[Round "08"]
[TimeControl "180+2"]
[Date "2023.05.16"]
[WhiteClock "0:00:00"]
[BlackClock "0:00:20"]

1. d4 Nf6 2. Nf3 e6 3. c4 c5 4. e3 cxd4 5. exd4 d5 6. Nc3 Nc6 7. Bg5 Be7 8. Bd3 Nb4 9. Be2 dxc4 10. Bxc4 O-O 11. O-O Bd7 12. Ne5 Rc8 13. Qb3 Nc6 14. Nxc6 Rxc6 15. Rad1 Qc7 16. Nb5 Qb8 17. Bh4 Rfc8 18. Bg3 Qa8 19. Bd3 Rb6 20. Rc1 Rxc1 21. Rxc1 Bxb5 22. Bxb5 a6 23. Qc4 Rxb5 24. Qc8+ Qxc8 25. Rxc8+ Bf8 26. Bd6 Nd7 27. Rd8 Rd5 28. Ba3 Rxd4 29. g3 Rd5 30. Kg2 g5 31. b3 Kg7 32. Bb2+ f6 33. h4 gxh4 34. gxh4 Bc5 35. Bc3 Rd3 36. Ba5 Ne5 37. Re8 Ng6 38. Kf1 Nf4 39. Ke1 Rf3 40. Rb8 b5 41. Rb7+ Kg6 42. Bd2 Rxf2 43. Rc7 Nd3+ 44. Kd1 Rh2 45. Rc6 Bb4 0-1


[Site "https://www.chess.com"]

[Event "Titled Tuesday Blitz May 16 Late 2023"]
[White "Mahdavi, Reza"]
[Black "Kokoszczynski, Jan"]
[WhiteFideId "12595926"]
[BlackFideId "1174460"]
[WhiteElo "2352"]
[BlackElo "2139"]
[Result "1-0"]
[Round "08"]
[TimeControl "180+2"]
[Date "2023.05.16"]
[WhiteClock "0:02:11"]
[BlackClock "0:01:10"]

1. e4 e5 2. Nf3 Nc6 3. Nc3 Nf6 4. d4 exd4 5. Nxd4 Bb4 6. Nxc6 bxc6 7. Bd3 d5 8. Bd2 O-O 9. O-O Ng4 10. exd5 Qd6 11. g3 cxd5 12. Nb5 Qe7 13. Bxb4 Qxb4 14. Nxc7 Rb8 15. Nxd5 Qxb2 16. Ne7+ Kh8 17. Nxc8 Rfxc8 18. Qxg4 1-0


[Site "https://www.chess.com"]

[Event "Titled Tuesday Blitz May 16 Late 2023"]
[White "ElDivis"]
[Black "Hambleton, Aman"]
[BlackFideId "2606577"]
[WhiteElo "2511"]
[BlackElo "2511"]
[Result "0-1"]
[Round "08"]
[TimeControl "180+2"]
[Date "2023.05.16"]
[WhiteClock "0:00:34"]
[BlackClock "0:00:03"]

1. e4 b6 2. d4 Bb7 3. Bd3 e6 4. Qe2 d5 5. e5 c5 6. c3 Qc8 7. Bb5+ Bc6 8. a4 Bxb5 9. axb5 cxd4 10. Nf3 dxc3 11. Nxc3 Bc5 12. h4 Ne7 13. h5 h6 14. Rh4 a5 15. Rg4 Nf5 16. Bd2 Nd7 17. Na4 Qb7 18. Nxc5 Nxc5 19. Nd4 Nxd4 20. Rxd4 Nb3 21. Raa4 Nxd4 22. Rxd4 O-O-O 23. b4 a4 24. Qd1 Qa8 25. Qc2+ Kb8 26. Rf4 Rc8 27. Qa2 Rc7 28. Be3 Kb7 29. Rg4 Rg8 30. Qa1 a3 31. Rd4 Qa4 32. Rd3 Qxb4+ 33. Bd2 Qb2 34. Rxa3 Qxa1+ 35. Rxa1 Rc5 36. Rb1 Rgc8 37. Be3 Rc4 38. Ra1 d4 39. Bd2 R8c5 40. Ra3 Rxe5+ 41. Kd1 Rxh5 42. Rg3 g6 43. Rf3 Rf5 44. Rh3 h5 45. f3 Rxb5 46. g4 Ra4 47. Ke2 Ra2 48. gxh5 gxh5 49. Rh4 Rbb2 0-1


[Site "https://www.chess.com"]

[Event "Titled Tuesday Blitz May 16 Late 2023"]
[White "Saveliev, Alexei"]
[Black "Hayrapetyan, Hovik"]
[WhiteFideId "24128546"]
[BlackFideId "13302639"]
[WhiteElo "2271"]
[BlackElo "2348"]
[Result "1/2-1/2"]
[Round "08"]
[TimeControl "180+2"]
[Date "2023.05.16"]
[WhiteClock "0:00:03"]
[BlackClock "0:00:08"]

1. c4 e6 2. Nc3 d5 3. cxd5 exd5 4. d4 Nf6 5. Nf3 c6 6. Bg5 Be7 7. Qc2 O-O 8. e3 Nbd7 9. Bd3 Re8 10. O-O a5 11. Rae1 h6 12. Bh4 Ne4 13. Bxe7 Qxe7 14. Bxe4 dxe4 15. Nd2 Nf6 16. f3 Bf5 17. Ndxe4 Bxe4 18. fxe4 Nxe4 19. Nxe4 Qxe4 20. Qc5 Qd3 21. Rf3 Re4 22. Ref1 f6 23. Qf5 Rae8 24. Qg6 R8e6 25. Rg3 Re7 26. Qxf6 Rxe3 27. Qf8+ Kh7 28. Qxe7 Qxf1+ 29. Kxf1 Rxe7 30. Kf2 Rd7 31. Ke3 g5 32. Ke4 Kg6 33. Ra3 Rd5 34. Rb3 Rd7 35. Ra3 Re7+ 36. Kf3 Rf7+ 37. Ke3 Re7+ 38. Kf3 g4+ 39. Kxg4 Re2 40. Kf3 Rxb2 41. Rxa5 Rd2 42. Ra7 Rxd4 43. Rxb7 Ra4 44. Rb2 Kf5 45. Rc2 Ra3+ 46. Kf2 h5 47. h3 Kf4 48. Rc4+ Kg5 49. Rc5+ Kh4 50. Rxc6 Rxa2+ 51. Kg1 Ra4 52. Rc3 Ra5 53. Kh2 Kg5 54. Rc4 h4 55. Rg4+ Kh5 56. Rg8 Ra2 57. Kg1 Rb2 58. Kf1 Ra2 59. Rf8 Rb2 60. Re8 Ra2 61. Re2 Ra3 62. Kf2 Kg5 63. Re3 Ra1 64. Re4 Ra2+ 65. Kf3 Ra3+ 66. Re3 Ra5 67. Rd3 Rb5 68. Rd4 Rb3+ 69. Kf2 Rb2+ 70. Kf3 Rb3+ 71. Ke2 Rg3 72. Kf2 Ra3 73. Rg4+ Kh5 74. Re4 Kg5 75. Re3 Ra2+ 76. Kf3 Ra5 77. Re4 Ra3+ 78. Re3 Ra5 1/2-1/2


[Site "https://www.chess.com"]

[Event "Titled Tuesday Blitz May 16 Late 2023"]
[White "Adla, Diego"]
[Black "Averjanov, Alexey"]
[WhiteFideId "100072"]
[BlackFideId "14109867"]
[WhiteElo "2377"]
[BlackElo "2785"]
[Result "1/2-1/2"]
[Round "08"]
[TimeControl "180+2"]
[Date "2023.05.16"]
[WhiteClock "0:00:08"]
[BlackClock "0:00:11"]

1. c4 c5 2. Nf3 Nc6 3. d4 cxd4 4. Nxd4 g6 5. e4 Bg7 6. Be3 d6 7. Nc3 Nf6 8. Be2 Bd7 9. O-O O-O 10. h3 Nxd4 11. Bxd4 Bc6 12. Qc2 Rc8 13. b4 a6 14. a4 a5 15. b5 Bd7 16. Rad1 Qc7 17. Bxf6 exf6 18. Nd5 Qd8 19. Bg4 Be6 20. Qd3 Re8 21. Ne3 Bf8 22. f4 Qc7 23. Bxe6 fxe6 24. f5 Bg7 25. fxe6 Rxe6 26. Qd5 Re8 27. Nf5 Qc5+ 28. Qxc5 dxc5 29. Ng3 h5 30. h4 b6 31. Rd7 R8e7 32. Rfd1 Bh6 33. Rxe7 Rxe7 34. Kf2 Bf4 35. Rd3 Bxg3+ 36. Rxg3 Rxe4 37. Rxg6+ Kf7 38. Rh6 Rxh4 39. Rh7+ Ke6 40. Rb7 Rxc4 41. Rxb6+ Ke5 42. Rc6 f5 43. b6 Kd5 44. Rf6 Rxa4 45. Rxf5+ Kc6 46. Rxh5 Kxb6 47. Rh8 Rg4 48. Kf3 Rg7 49. Rb8+ Kc6 50. g4 c4 51. Kf4 Kc5 52. g5 c3 53. Ra8 Kb4 54. Rb8+ Ka3 55. Rc8 Kb2 56. Rb8+ Ka3 57. Rc8 Kb2 58. Rb8+ Kc1 59. Ra8 c2 60. Rxa5 Rc7 61. Ra2 Kd1 62. Rxc2 Kxc2 63. Kf5 Kd3 64. g6 Kd4 65. Kf6 Rc6+ 66. Kf7 Ke5 67. g7 Rc7+ 68. Kg6 Rc6+ 69. Kf7 Rc7+ 70. Kg6 Rc8 71. Kf7 Rc7+ 1/2-1/2


[Site "https://www.chess.com"]

[Event "Titled Tuesday Blitz May 16 Late 2023"]
[White "Spitzl, Vinzent"]
[Black "Klukin, Kirill"]
[WhiteFideId "12901253"]
[BlackFideId "24199273"]
[WhiteElo "2225"]
[BlackElo "2344"]
[Result "1/2-1/2"]
[Round "08"]
[TimeControl "180+2"]
[Date "2023.05.16"]
[WhiteClock "0:00:14"]
[BlackClock "0:00:15"]

1. e4 c5 2. Nf3 Nc6 3. d4 cxd4 4. Nxd4 e5 5. Nb5 d6 6. c4 Be7 7. N1c3 a6 8. Na3 Be6 9. Be2 Bg5 10. O-O Bxc1 11. Rxc1 Nf6 12. Nc2 O-O 13. Qd2 Rc8 14. Bd3 Qb6 15. b3 Rfd8 16. Nd5 Bxd5 17. exd5 Nd4 18. Nxd4 Qxd4 19. Qe3 Qxe3 20. fxe3 a5 21. Rf2 Nd7 22. Bf5 b5 23. Rfc2 bxc4 24. Bxd7 Rxd7 25. Rxc4 Rxc4 26. Rxc4 g6 27. Kf2 Kf8 28. Ke2 Rb7 29. Kd3 Ke7 30. Rc6 f5 31. Kc3 Rb5 32. Kc4 Rb4+ 33. Kc3 f4 34. exf4 Rxf4 35. Ra6 Rf2 36. Rxa5 Rxg2 37. b4 Rxh2 38. b5 Kd7 39. b6 Kc8 40. Ra7 h5 41. a4 h4 42. a5 Kb8 43. a6 Ra2 44. Kb4 h3 45. Kb5 Rb2+ 46. Kc6 Rc2+ 47. Kxd6 Rb2 48. Rb7+ Ka8 49. Ra7+ Kb8 50. Kc5 Rc2+ 51. Kd6 Rb2 1/2-1/2


[Site "https://www.chess.com"]

[Event "Titled Tuesday Blitz May 16 Late 2023"]
[White "koncheto"]
[Black "Tanenbaum, Zachary"]
[BlackFideId "2060850"]
[WhiteElo "2579"]
[BlackElo "2175"]
[Result "1-0"]
[Round "08"]
[TimeControl "180+2"]
[Date "2023.05.16"]
[WhiteClock "0:00:08"]
[BlackClock "0:00:00"]

1. e4 e5 2. Nf3 Nc6 3. Bc4 Nf6 4. d3 Be7 5. O-O d6 6. c3 O-O 7. Re1 Na5 8. Bb5 a6 9. Ba4 b5 10. Bc2 c5 11. h3 Re8 12. Nbd2 Bf8 13. Nf1 h6 14. Ng3 Be6 15. d4 cxd4 16. cxd4 Rc8 17. b3 exd4 18. Nxd4 Nc6 19. Nxc6 Rxc6 20. Bb2 Nd7 21. f4 Qh4 22. Ne2 d5 23. f5 Bc5+ 24. Kh1 Bxf5 25. exf5 Ne5 26. Bxe5 Rxe5 27. Bd3 Re3 28. Ng1 Rg3 29. Nf3 Qf4 30. f6 gxf6 31. Qe2 Bd6 32. Rf1 Rc7 33. Nh2 Qg5 34. Ng4 Re7 35. Qf2 1-0


[Site "https://www.chess.com"]

[Event "Titled Tuesday Blitz May 16 Late 2023"]
[White "ArtemDyachuk"]
[Black "Fernandez Guillen, Ernesto J."]
[BlackFideId "3512428"]
[WhiteElo "2533"]
[BlackElo "2429"]
[Result "0-1"]
[Round "08"]
[TimeControl "180+2"]
[Date "2023.05.16"]
[WhiteClock "0:00:02"]
[BlackClock "0:00:23"]

1. Nf3 Nf6 2. b3 b6 3. Bb2 Bb7 4. c4 g6 5. g3 Bg7 6. Bg2 O-O 7. O-O c5 8. d4 cxd4 9. Qxd4 Nc6 10. Qh4 h6 11. Ne5 g5 12. Qh3 Nxe5 13. Bxb7 Rb8 14. Bh1 Qc7 15. Nc3 a6 16. Qf5 e6 17. Qc2 b5 18. cxb5 axb5 19. Rac1 Rfc8 20. Qb1 Qb6 21. Na4 bxa4 22. Bxe5 Rxc1 23. Qxc1 d6 24. Bxf6 Bxf6 25. bxa4 d5 26. Qc2 Qa6 27. Bf3 Rb2 28. Qc5 Kg7 29. Rc1 Qxa4 30. Qd6 g4 31. Rc8 gxf3 32. Qf8+ Kg6 33. Qg8+ Bg7 34. exf3 Qd1+ 35. Kg2 Qe2 36. Rf8 Qxf2+ 37. Kh3 Qxf3 38. Rxf7 Qh5# 0-1


[Site "https://www.chess.com"]

[Event "Titled Tuesday Blitz May 16 Late 2023"]
[White "Mirimanian, Hayk"]
[Black "Nazari, Arad"]
[WhiteFideId "4700180"]
[BlackFideId "12577324"]
[WhiteElo "2280"]
[BlackElo "2175"]
[Result "1-0"]
[Round "08"]
[TimeControl "180+2"]
[Date "2023.05.16"]
[WhiteClock "0:00:24"]
[BlackClock "0:00:00"]

1. e4 c5 2. Nf3 d6 3. d4 cxd4 4. Nxd4 Nf6 5. Nc3 a6 6. Be3 Ng4 7. Bg5 h6 8. Bh4 g5 9. Bg3 Bg7 10. h3 Nf6 11. Bc4 b5 12. Bb3 b4 13. Nd5 Nxe4 14. Qf3 Nxg3 15. Nc7+ Qxc7 16. Qxf7+ Kd8 17. Qxg7 Re8 18. fxg3 e5 19. Nf5 Qxg7 20. Nxg7 Re7 21. Nh5 Bb7 22. O-O Nd7 23. Nf6 Nc5 24. Bd5 Kc7 25. Bxb7 Kxb7 26. Nd5 Rd7 27. Nxb4 d5 28. Rad1 Rad8 29. Rf6 Ne4 30. Rxa6 Nxg3 31. Rxh6 Ne2+ 32. Kf2 Nd4 33. c3 Rf8+ 34. Ke1 Nf5 35. Re6 Ne3 36. Rxe5 Nxd1 37. Kxd1 Rf2 38. Re2 Rf1+ 39. Kd2 d4 40. c4 Rf4 41. Nd3 Rf5 42. g4 Ra5 43. a4 Rc7 44. b4 Rxa4 45. Nc5+ Rxc5 46. bxc5 Rxc4 47. Re5 Kc6 48. Rxg5 Rc3 49. h4 Rg3 50. h5 Kb5 51. h6 Kc4 52. h7 Rg2+ 53. Ke1 d3 54. h8=Q 1-0


[Site "https://www.chess.com"]